Workbook

Sheet bdd
A1: UNITE DE TRAVAIL | B1: Famille de risques | C1: Description des situations de travail | D1: Modalité d’exposition aux risques | E1: Description des risques identifiés | F1: Moyens de prévention actuels & pistes d'action | G1: Priorisation* | H1: =MAX(H2:H600) -> 600
A2: ACCUEIL | B2: Aménagement de l’espace | C2: Installation informatique | D2: Photocopieur dans la pièce : pollution passages nombreux (déconcentration) | E2: Problèmes respiratoires | F2: Nouveau local pour le photocopieur / espace RH / désengorger l’accueil | H2: =IF(A2='onglet de saisie'!$A$2,ROW(),"") | I2: =IF(H2="","",INDIRECT("B"&ROW())) | J2: =IF(I2='onglet de saisie'!$B$2,INDIRECT("C"&ROW()),"") -> Installation informatique | K2: =IF(J2='onglet de saisie'!$C$2,INDIRECT("d"&ROW()),"") | L2: =IF(K2='onglet de saisie'!$D$2,ROW(),"") -> 2
A3: ACCUEIL | B3: Manipulation | C3: Secrétariat / réception des colis | D3: Utilisation massicot ciseaux… Répétition des gestes | E3: Coupures/blessures | F3: Siège ergonomique / Trousse de soins (1er secours) Affichage pédagogique : consignes d’utilisation du massicot / utilisation limitée (salariés formés uniquement / matériel sous clé…) | H3: =IF(A3='onglet de saisie'!$A$2,ROW(),"") | I3: =IF(H3="","",INDIRECT("B"&ROW())) | J3: =IF(I3='onglet de saisie'!$B$2,INDIRECT("C"&ROW()),"") -> Secrétariat / réception des colis | K3: =IF(J3='onglet de saisie'!$C$2,INDIRECT("d"&ROW()),"") | L3: =IF(K3='onglet de saisie'!$D$2,ROW(),"") -> 3
A4: ACCUEIL | B4: Manipulation | C4: Secrétariat / réception des colis | D4: Réception de colis 2x/mois lourd | E4: Dorsalgies, lumbagos, tendinites Chocs, écrasement | F4: Chariot de manutention / Livraison à l'étage | H4: =IF(A4='onglet de saisie'!$A$2,ROW(),"") | I4: =IF(H4="","",INDIRECT("B"&ROW())) | J4: =IF(I4='onglet de saisie'!$B$2,INDIRECT("C"&ROW()),"") -> Secrétariat / réception des colis | K4: =IF(J4='onglet de saisie'!$C$2,INDIRECT("d"&ROW()),"") | L4: =IF(K4='onglet de saisie'!$D$2,ROW(),"") -> 4
A5: ACTIVITES ENFANCE JEUNESSE | B5: Aménagement de l’espace | C5: Nettoyage sols et rangement du matériel | D5: encadrement d'enfants: Jouets qui trainent sur le sol | E5: Chutes, entorses, glissades | F5: Rangement régulier avec les enfants / Localiser les espaces de jeux / zone de passage | H5: =IF(A5='onglet de saisie'!$A$2,ROW(),"") | I5: =IF(H5="","",INDIRECT("B"&ROW())) | J5: =IF(I5='onglet de saisie'!$B$2,INDIRECT("C"&ROW()),"") -> Nettoyage sols et rangement du matériel | K5: =IF(J5='onglet de saisie'!$C$2,INDIRECT("d"&ROW()),"") | L5: =IF(K5='onglet de saisie'!$D$2,ROW(),"") -> 5
A6: ACTIVITES ENFANCE JEUNESSE | B6: RPS | C6: Activités avec les enfants | D6: Agressivité, insultes du public envers les animateurs - pouvant engendrer des réactions inadaptées de l’animateur | E6: Sentiment de non reconnaissance Stress Conflits / Tensions Fatigue nerveuse / irritabilité / maux de tête | F6: Retour, soutien de la part de la direction / Formation gestion des conflits/agressivité / Identification d’ »interdictions de sortie » / Analyse des pratiques professionnelles / temps d’échange | H6: =IF(A6='onglet de saisie'!$A$2,ROW(),"") | I6: =IF(H6="","",INDIRECT("B"&ROW())) | J6: =IF(I6='onglet de saisie'!$B$2,INDIRECT("C"&ROW()),"") -> Activités avec les enfants | K6: =IF(J6='onglet de saisie'!$C$2,INDIRECT("d"&ROW()),"") | L6: =IF(K6='onglet de saisie'!$D$2,ROW(),"") -> 6
A7: ACTIVITES ENFANCE JEUNESSE | B7: Nuisances sonores / Bruits | C7: Présence auprès des enfants | D7: Nombre de personne important | E7: Fatigue nerveuse / irritabilité / maux de tête | F7: Réflexion sur le planning | H7: =IF(A7='onglet de saisie'!$A$2,ROW(),"") | I7: =IF(H7="","",INDIRECT("B"&ROW())) | J7: =IF(I7='onglet de saisie'!$B$2,INDIRECT("C"&ROW()),"") -> Présence auprès des enfants | K7: =IF(J7='onglet de saisie'!$C$2,INDIRECT("d"&ROW()),"") | L7: =IF(K7='onglet de saisie'!$D$2,ROW(),"") -> 7
A8: ACTIVITES ENFANCE JEUNESSE | B8: Nuisances sonores / Bruits | C8: Présence auprès des enfants | D8: Locaux petits et communicants | E8: Fatigue nerveuse / irritabilité / maux de tête | F8: Recherche d’autres salles | H8: =IF(A8='onglet de saisie'!$A$2,ROW(),"") | I8: =IF(H8="","",INDIRECT("B"&ROW())) | J8: =IF(I8='onglet de saisie'!$B$2,INDIRECT("C"&ROW()),"") -> Présence auprès des enfants | K8: =IF(J8='onglet de saisie'!$C$2,INDIRECT("d"&ROW()),"") | L8: =IF(K8='onglet de saisie'!$D$2,ROW(),"") -> 8
A9: ACTIVITES ENFANCE JEUNESSE | B9: Nuisances sonores / Bruits | C9: Présence auprès des enfants | D9: Proximité des groupes | E9: Fatigue nerveuse / irritabilité / maux de tête | H9: =IF(A9='onglet de saisie'!$A$2,ROW(),"") | I9: =IF(H9="","",INDIRECT("B"&ROW())) | J9: =IF(I9='onglet de saisie'!$B$2,INDIRECT("C"&ROW()),"") -> Présence auprès des enfants | K9: =IF(J9='onglet de saisie'!$C$2,INDIRECT("d"&ROW()),"") | L9: =IF(K9='onglet de saisie'!$D$2,ROW(),"") -> 9
A10: ACTIVITES ENFANCE JEUNESSE | B10: Nuisances sonores / Bruits | C10: Présence auprès des enfants | D10: Transit des usagers | F10: Travail partenarial avec la mairie | H10: =IF(A10='onglet de saisie'!$A$2,ROW(),"") | I10: =IF(H10="","",INDIRECT("B"&ROW())) | J10: =IF(I10='onglet de saisie'!$B$2,INDIRECT("C"&ROW()),"") -> Présence auprès des enfants | K10: =IF(J10='onglet de saisie'!$C$2,INDIRECT("d"&ROW()),"") | L10: =IF(K10='onglet de saisie'!$D$2,ROW(),"") -> 10
A11: ADMINISTRATIF | B11: Aménagement de l’espace | C11: Poste de travail | D11: Poste de travail bureautique inadapté / Position contrainte ou non-adaptée / temps passé devant un écran | E11: Dorsalgies, lumbagos, tendinites Fatigue Oculaire Fatigue nerveuse / irritabilité / maux de tête | F11: Retrouver le compte rendu de la visite MT Passer de l’affichage des consignes / fiches de la médecine du travail au partage avec les collègues | H11: =IF(A11='onglet de saisie'!$A$2,ROW(),"") | I11: =IF(H11="","",INDIRECT("B"&ROW())) | J11: =IF(I11='onglet de saisie'!$B$2,INDIRECT("C"&ROW()),"") -> Poste de travail | K11: =IF(J11='onglet de saisie'!$C$2,INDIRECT("d"&ROW()),"") | L11: =IF(K11='onglet de saisie'!$D$2,ROW(),"") -> 11
A12: ADMINISTRATIF | B12: RPS | C12: Au poste de travail | D12: Sollicitations permanentes (public, salariés, téléphoniques… | E12: Fatigue nerveuse / irritabilité / maux de tête | F12: Musique au casque | H12: =IF(A12='onglet de saisie'!$A$2,ROW(),"") | I12: =IF(H12="","",INDIRECT("B"&ROW())) | J12: =IF(I12='onglet de saisie'!$B$2,INDIRECT("C"&ROW()),"") -> Au poste de travail | K12: =IF(J12='onglet de saisie'!$C$2,INDIRECT("d"&ROW()),"") | L12: =IF(K12='onglet de saisie'!$D$2,ROW(),"") -> 12
A13: ADMINISTRATIF | B13: RPS | C13: Au poste de travail | D13: Bruit | E13: Stress | F13: Télétravail | H13: =IF(A13='onglet de saisie'!$A$2,ROW(),"") | I13: =IF(H13="","",INDIRECT("B"&ROW())) | J13: =IF(I13='onglet de saisie'!$B$2,INDIRECT("C"&ROW()),"") -> Au poste de travail | K13: =IF(J13='onglet de saisie'!$C$2,INDIRECT("d"&ROW()),"") | L13: =IF(K13='onglet de saisie'!$D$2,ROW(),"") -> 13
A14: ADMINISTRATIF | B14: RPS | C14: Au poste de travail | D14: Proximité avec la salle d’accueil | E14: Fatigue nerveuse / irritabilité / maux de tête | H14: =IF(A14='onglet de saisie'!$A$2,ROW(),"") | I14: =IF(H14="","",INDIRECT("B"&ROW())) | J14: =IF(I14='onglet de saisie'!$B$2,INDIRECT("C"&ROW()),"") -> Au poste de travail | K14: =IF(J14='onglet de saisie'!$C$2,INDIRECT("d"&ROW()),"") | L14: =IF(K14='onglet de saisie'!$D$2,ROW(),"") -> 14
A15: ADMINISTRATIF | B15: RPS | C15: Au poste de travail | D15: Déconcentration | H15: =IF(A15='onglet de saisie'!$A$2,ROW(),"") | I15: =IF(H15="","",INDIRECT("B"&ROW())) | J15: =IF(I15='onglet de saisie'!$B$2,INDIRECT("C"&ROW()),"") -> Au poste de travail | K15: =IF(J15='onglet de saisie'!$C$2,INDIRECT("d"&ROW()),"") | L15: =IF(K15='onglet de saisie'!$D$2,ROW(),"") -> 15
A16: ADMINISTRATIF | B16: RPS | C16: Au poste de travail | D16: Pression du travail / service aux adhérents (dossiers à boucler dans des délais contraints, sollicitations multiples...) | E16: Fatigue nerveuse / irritabilité / maux de tête | H16: =IF(A16='onglet de saisie'!$A$2,ROW(),"") | I16: =IF(H16="","",INDIRECT("B"&ROW())) | J16: =IF(I16='onglet de saisie'!$B$2,INDIRECT("C"&ROW()),"") -> Au poste de travail | K16: =IF(J16='onglet de saisie'!$C$2,INDIRECT("d"&ROW()),"") | L16: =IF(K16='onglet de saisie'!$D$2,ROW(),"") -> 16
A17: ADMINISTRATIF | B17: RPS | C17: Au poste de travail | D17: Conflits d’urgence / d’importance | E17: Stress | H17: =IF(A17='onglet de saisie'!$A$2,ROW(),"") | I17: =IF(H17="","",INDIRECT("B"&ROW())) | J17: =IF(I17='onglet de saisie'!$B$2,INDIRECT("C"&ROW()),"") -> Au poste de travail | K17: =IF(J17='onglet de saisie'!$C$2,INDIRECT("d"&ROW()),"") | L17: =IF(K17='onglet de saisie'!$D$2,ROW(),"") -> 17
A18: ADMINISTRATIF | B18: RPS | C18: Au poste de travail | D18: Surcharge de travail | E18: Fatigue nerveuse / irritabilité / maux de tête | H18: =IF(A18='onglet de saisie'!$A$2,ROW(),"") | I18: =IF(H18="","",INDIRECT("B"&ROW())) | J18: =IF(I18='onglet de saisie'!$B$2,INDIRECT("C"&ROW()),"") -> Au poste de travail | K18: =IF(J18='onglet de saisie'!$C$2,INDIRECT("d"&ROW()),"") | L18: =IF(K18='onglet de saisie'!$D$2,ROW(),"") -> 18
A19: Administratif - Site Matisse | B19: Aménagement de l’espace | C19: Bâtiments défectueux / inadaptés | D19: Escalier en colimaçon avec des marches de profondeur différente Port du plateau (avec cafés) qui empêche de se tenir à la rampe | E19: Chute, entorse, brûlure | G19: Equipement d'un ascenseur ou un monte charge | H19: =IF(A19='onglet de saisie'!$A$2,ROW(),"") | I19: =IF(H19="","",INDIRECT("B"&ROW())) | J19: =IF(I19='onglet de saisie'!$B$2,INDIRECT("C"&ROW()),"") -> Bâtiments défectueux / inadaptés | K19: =IF(J19='onglet de saisie'!$C$2,INDIRECT("d"&ROW()),"") | L19: =IF(K19='onglet de saisie'!$D$2,ROW(),"") -> 19
A20: Administratif - Site Matisse | B20: Nuisances sonores / Bruits | C20: Accueil du public | D20: Configuration des lieux : atrium Public, adhérents dans l'atrium ; animations dans l'atrium (ex : papothèque) . Poste de chargée d'accueil a beaucoup d'administratif à assumer en plus Problème de concentration | E20: Stress Fatigue nerveuse / irritabilité / maux de tête | F20: Quand elles sont 2, possibilité pour celle qui a des travaux de se mettre en retrait | G20: . Mise en place d'affiches indiquant qu'il s'agit d'un lieu de travail . Intervention des animateurs pour renforcer la "tenue" du groupe | H20: =IF(A20='onglet de saisie'!$A$2,ROW(),"") | I20: =IF(H20="","",INDIRECT("B"&ROW())) | J20: =IF(I20='onglet de saisie'!$B$2,INDIRECT("C"&ROW()),"") -> Accueil du public | K20: =IF(J20='onglet de saisie'!$C$2,INDIRECT("d"&ROW()),"") | L20: =IF(K20='onglet de saisie'!$D$2,ROW(),"") -> 20
A21: Administratif - Site Matisse | B21: Liés aux appareils électriques | C21: maintenance du matériel électrique (volets, etc) | D21: Présence d'une multitude de câbles électriques ou informatiques Accéder à la manivelle des volets : risque de chute mais peut être réglé par la mise en place de volets électriques | E21: Chute | G21: Mise en place de câches électriques Réagencer le bureau Fermeture électrique des volets | H21: =IF(A21='onglet de saisie'!$A$2,ROW(),"") | I21: =IF(H21="","",INDIRECT("B"&ROW())) | J21: =IF(I21='onglet de saisie'!$B$2,INDIRECT("C"&ROW()),"") -> maintenance du matériel électrique (volets, etc) | K21: =IF(J21='onglet de saisie'!$C$2,INDIRECT("d"&ROW()),"") | L21: =IF(K21='onglet de saisie'!$D$2,ROW(),"") -> 21
A22: ADMINISTRATIF - TRANSVERSAL | B22: RPS | C22: Réception des commandes faites en direct | D22: Recherches des destinataires ; perte de tempsGestion des livreurs pas toujours conviviaux Non application d'une procédure mise en place (toute personne passant commande directe doit informer l'accueil pour qu'il n'y ait pas de recherche de destinataire) | E22: Stress, sentiment de manque de considération | F22: Mise en place d'une procédure (mais non appliquée) | G22: Opération "Vis ma vie" | H22: =IF(A22='onglet de saisie'!$A$2,ROW(),"") | I22: =IF(H22="","",INDIRECT("B"&ROW())) | J22: =IF(I22='onglet de saisie'!$B$2,INDIRECT("C"&ROW()),"") -> Réception des commandes faites en direct | K22: =IF(J22='onglet de saisie'!$C$2,INDIRECT("d"&ROW()),"") | L22: =IF(K22='onglet de saisie'!$D$2,ROW(),"") -> 22
A23: ADMINISTRATIF - TRANSVERSAL | B23: RPS | C23: Au poste de travail | D23: Accueil: Travail administratif à réaliser dans un espace ouvert, bruyant, peu propice à la concentration Décalage de perception entre animateurs et administratifs | E23: Stress, fatigue, sentiment de manque de considération | F23: Sensibilisation par affichage | G23: Casque personnel pour améliorer la qualité d'écoute téléphonique | H23: =IF(A23='onglet de saisie'!$A$2,ROW(),"") | I23: =IF(H23="","",INDIRECT("B"&ROW())) | J23: =IF(I23='onglet de saisie'!$B$2,INDIRECT("C"&ROW()),"") -> Au poste de travail | K23: =IF(J23='onglet de saisie'!$C$2,INDIRECT("d"&ROW()),"") | L23: =IF(K23='onglet de saisie'!$D$2,ROW(),"") -> 23
A24: ADMINISTRATIF - TRANSVERSAL | B24: RPS | C24: Accueil du public | D24: Public très difficile pour certains Sentiment de risques meme en dehors de l'Afsco | E24: Agressions physiques ou verbales Sentiment d'isolement | F24: . Mise en place de talkies . Formation sur gestion public difficile . Consigne du soutien des collègues . "Groupe de parole" en réunion d'équipe | G24: . Piqure de rappel en Formation . Faire une utilisation plus efficace des talkies Supervision | H24: =IF(A24='onglet de saisie'!$A$2,ROW(),"") | I24: =IF(H24="","",INDIRECT("B"&ROW())) | J24: =IF(I24='onglet de saisie'!$B$2,INDIRECT("C"&ROW()),"") -> Accueil du public | K24: =IF(J24='onglet de saisie'!$C$2,INDIRECT("d"&ROW()),"") | L24: =IF(K24='onglet de saisie'!$D$2,ROW(),"") -> 24
A25: ADMINISTRATIF - TRANSVERSAL | B25: RPS | C25: Transmission d'informations interne/externe | D25: Ne dispose pas de toutes les informations (présence des animateurs / des parents qui viennent chercher les enfants ...), malgré les procédures mises en place | E25: Sentiment de non reconnaissance | F25: Procédures en place (annonce par mail d'une période d'absence, laisser la liste des enfants sortis à l'accueil, avec le lieu..) | G25: Projet visant à amener la compréhension de la réalité du poste | H25: =IF(A25='onglet de saisie'!$A$2,ROW(),"") | I25: =IF(H25="","",INDIRECT("B"&ROW())) | J25: =IF(I25='onglet de saisie'!$B$2,INDIRECT("C"&ROW()),"") -> Transmission d'informations interne/externe | K25: =IF(J25='onglet de saisie'!$C$2,INDIRECT("d"&ROW()),"") | L25: =IF(K25='onglet de saisie'!$D$2,ROW(),"") -> 25
A26: Administratif Site LOTI | B26: RPS | C26: Gestion financière / constitution des dossiers / suivi et Relation aux financeurs | D26: Echéances administratives: pratiques internes ou demandes externes Certaines périodes trop chargées Environnement mouvant Temps contraint Pas d'embauche | E26: Stress, fatigue | G26: . Anticiper les demandes (les faire plus tôt) . Gestion des priorités et anticipation : échéances annuelles . Finaliser des dossiers : question de la conscience de l'incidence sur le travail de l'autre | H26: =IF(A26='onglet de saisie'!$A$2,ROW(),"") | I26: =IF(H26="","",INDIRECT("B"&ROW())) | J26: =IF(I26='onglet de saisie'!$B$2,INDIRECT("C"&ROW()),"") -> Gestion financière / constitution des dossiers / suivi et Relation aux financeurs | K26: =IF(J26='onglet de saisie'!$C$2,INDIRECT("d"&ROW()),"") | L26: =IF(K26='onglet de saisie'!$D$2,ROW(),"") -> 26
A27: Administratif Site LOTI | B27: RPS | C27: Accueil du public | D27: Public un peu difficile par rapport aux factures | E27: Agressions physiques ou verbales Sentiment d'isolement | F27: . Mise en place de talkies . Formation gestion public difficile . Soutien des collègues ."Groupe de parole" en runion d'équipe | G27: . Formation . Utilisation plus efficace des talkies . Supervision | H27: =IF(A27='onglet de saisie'!$A$2,ROW(),"") | I27: =IF(H27="","",INDIRECT("B"&ROW())) | J27: =IF(I27='onglet de saisie'!$B$2,INDIRECT("C"&ROW()),"") -> Accueil du public | K27: =IF(J27='onglet de saisie'!$C$2,INDIRECT("d"&ROW()),"") | L27: =IF(K27='onglet de saisie'!$D$2,ROW(),"") -> 27
A28: Administratif Site LOTI | B28: Liés aux déplacements | C28: Arrivées départs, déplacements entre les locaux (lieux de travail, réunions, etc) | D28: Trajets piétons quotidiens entre les 2 sites et la Poste pour les navettes courrier : mauvais temps, verglas, traverser les voies du tram, les rails | E28: Chute, choc, entorse | F28: . Centraliser (banettes) et optimiser les déplacements . Scan des documents | H28: =IF(A28='onglet de saisie'!$A$2,ROW(),"") | I28: =IF(H28="","",INDIRECT("B"&ROW())) | J28: =IF(I28='onglet de saisie'!$B$2,INDIRECT("C"&ROW()),"") -> Arrivées départs, déplacements entre les locaux (lieux de travail, réunions, etc) | K28: =IF(J28='onglet de saisie'!$C$2,INDIRECT("d"&ROW()),"") | L28: =IF(K28='onglet de saisie'!$D$2,ROW(),"") -> 28
A29: Administratif Site LOTI | B29: Liés aux déplacements | C29: Déplacement dans les locaux | D29: Coté porte-manteaux des enfants : présence régulière de vestes au sol (surtout en hiver) | E29: Chute | G29: . Ramasser les vestes . Vérifier les crochets . Gestes pédagogiques | H29: =IF(A29='onglet de saisie'!$A$2,ROW(),"") | I29: =IF(H29="","",INDIRECT("B"&ROW())) | J29: =IF(I29='onglet de saisie'!$B$2,INDIRECT("C"&ROW()),"") -> Déplacement dans les locaux | K29: =IF(J29='onglet de saisie'!$C$2,INDIRECT("d"&ROW()),"") | L29: =IF(K29='onglet de saisie'!$D$2,ROW(),"") -> 29
A30: Administratif Site LOTI | B30: Aménagement de l’espace | C30: Accès au matériel / archives | D30: Stockage en hauteur et tabouret (pied d'éléphant) pas assez haut : perte d'équilibre | E30: Chute | G30: . Déplacer lieu de stockage des enveloppes et des archives dans le local photocopieur (meuble sous utilisé) | H30: =IF(A30='onglet de saisie'!$A$2,ROW(),"") | I30: =IF(H30="","",INDIRECT("B"&ROW())) | J30: =IF(I30='onglet de saisie'!$B$2,INDIRECT("C"&ROW()),"") -> Accès au matériel / archives | K30: =IF(J30='onglet de saisie'!$C$2,INDIRECT("d"&ROW()),"") | L30: =IF(K30='onglet de saisie'!$D$2,ROW(),"") -> 30
A31: Administratif Site LOTI | B31: Aménagement de l’espace | C31: Installation informatique | D31: Barres des switch et arrière des serveurs inaccessibles Cablages partout Il faut être en équilibre pour accéder à la relance du serveur .Risque de rester seul suite à une chute | E31: Chute, choc, entorse | F31: Seules 2 personnes sont habilitées pour aller dans ce local | G31: . Rangement du local . Mettre les switchs à niveau accessible . Installer les serveurs différemment . Prévenir quelqu'un lorsque l'on va dans le local | H31: =IF(A31='onglet de saisie'!$A$2,ROW(),"") | I31: =IF(H31="","",INDIRECT("B"&ROW())) | J31: =IF(I31='onglet de saisie'!$B$2,INDIRECT("C"&ROW()),"") -> Installation informatique | K31: =IF(J31='onglet de saisie'!$C$2,INDIRECT("d"&ROW()),"") | L31: =IF(K31='onglet de saisie'!$D$2,ROW(),"") -> 31
A32: Administratif Site LOTI | B32: Aménagement de l’espace | C32: Bâtiments défectueux / inadaptés | D32: Porte opaque, lourde, (coupe feu): Risque choc violent si une personne entre énergiquement au même moment | E32: Chocs, chutes, coupures | G32: . Intégrer cette problématique lors du réaménagement de l'accueil (en projet) | H32: =IF(A32='onglet de saisie'!$A$2,ROW(),"") | I32: =IF(H32="","",INDIRECT("B"&ROW())) | J32: =IF(I32='onglet de saisie'!$B$2,INDIRECT("C"&ROW()),"") -> Bâtiments défectueux / inadaptés | K32: =IF(J32='onglet de saisie'!$C$2,INDIRECT("d"&ROW()),"") | L32: =IF(K32='onglet de saisie'!$D$2,ROW(),"") -> 32
A33: Administratif Site LOTI | B33: Aménagement de l’espace | C33: Problèmes d'odeurs | D33: Emanation occasionnelle d'odeurs nauséabondes (remontées d'égouts par les toilettes 6-11 ans) | E33: Indisposition | F33: Utilisation d'aérosols | G33: Réflexion à d'éventuelles solutions avec le service logistique | H33: =IF(A33='onglet de saisie'!$A$2,ROW(),"") | I33: =IF(H33="","",INDIRECT("B"&ROW())) | J33: =IF(I33='onglet de saisie'!$B$2,INDIRECT("C"&ROW()),"") -> Problèmes d'odeurs | K33: =IF(J33='onglet de saisie'!$C$2,INDIRECT("d"&ROW()),"") | L33: =IF(K33='onglet de saisie'!$D$2,ROW(),"") -> 33
A34: Administratif Site LOTI | B34: Nuisances sonores / Bruits | C34: Pendant les repas | D34: Escalier : caisse de résonnance Groupe des 6/11 en stand by le temps de la préparation du gouter Escalier principal emprunté par les 6/11 pour le gouter et le soir Proximité des bureaux avec l'escalier et/ou la salle de gouter | E34: Stress, fatigue | G34: . Sensibilisation sur le fait qu'il s'agit d'un lieu de travail . Intervention des animateurs pour renforcer la "tenue" du groupe | H34: =IF(A34='onglet de saisie'!$A$2,ROW(),"") | I34: =IF(H34="","",INDIRECT("B"&ROW())) | J34: =IF(I34='onglet de saisie'!$B$2,INDIRECT("C"&ROW()),"") -> Pendant les repas | K34: =IF(J34='onglet de saisie'!$C$2,INDIRECT("d"&ROW()),"") | L34: =IF(K34='onglet de saisie'!$D$2,ROW(),"") -> 34
A35: Administratif Site LOTI | B35: Aménagement de l’espace | C35: Gestion de la caisse | D35: Manipulation de la caisse : déplacements entre le bureau et le retour du bureau pour la rendre inaccessible Caisse Lourde | E35: Douleurs au poignet et au bras | G35: . Caisse enregistreuse ou mise en place d'une tablette amovible sur laquelle serait installée la caisse ou réflexion sur les habitudes de travail (faire une rotation plutôt que poser la caisse ?) | H35: =IF(A35='onglet de saisie'!$A$2,ROW(),"") | I35: =IF(H35="","",INDIRECT("B"&ROW())) | J35: =IF(I35='onglet de saisie'!$B$2,INDIRECT("C"&ROW()),"") -> Gestion de la caisse | K35: =IF(J35='onglet de saisie'!$C$2,INDIRECT("d"&ROW()),"") | L35: =IF(K35='onglet de saisie'!$D$2,ROW(),"") -> 35
A36: Administratif Site LOTI | B36: Manutention | C36: Mise en place / rangement / nettoyage | D36: Stockage en hauteur et tabouret (pied d'éléphant) pas assez haut : perte d'équilibre | E36: Chutes d'objets | F36: Désormais accessible car stockées derrière une armoire | H36: =IF(A36='onglet de saisie'!$A$2,ROW(),"") | I36: =IF(H36="","",INDIRECT("B"&ROW())) | J36: =IF(I36='onglet de saisie'!$B$2,INDIRECT("C"&ROW()),"") -> Mise en place / rangement / nettoyage | K36: =IF(J36='onglet de saisie'!$C$2,INDIRECT("d"&ROW()),"") | L36: =IF(K36='onglet de saisie'!$D$2,ROW(),"") -> 36
A37: Administratif Site LOTI | B37: Problèmes éclairage | C37: Travail sur les écrans | D37: Eblouissements | E37: Fatigue oculaire | G37: Pose de stores (récent) | H37: =IF(A37='onglet de saisie'!$A$2,ROW(),"") | I37: =IF(H37="","",INDIRECT("B"&ROW())) | J37: =IF(I37='onglet de saisie'!$B$2,INDIRECT("C"&ROW()),"") -> Travail sur les écrans | K37: =IF(J37='onglet de saisie'!$C$2,INDIRECT("d"&ROW()),"") | L37: =IF(K37='onglet de saisie'!$D$2,ROW(),"") -> 37
A38: Administratif Site LOTI | B38: Liés aux appareils électriques | C38: maintenance du matériel informatique | D38: Manipulation imprimante/photocopieur : Risque de brûlures | E38: Brûlures | F38: Achat d'un phocopieur plus récent | H38: =IF(A38='onglet de saisie'!$A$2,ROW(),"") | I38: =IF(H38="","",INDIRECT("B"&ROW())) | J38: =IF(I38='onglet de saisie'!$B$2,INDIRECT("C"&ROW()),"") -> maintenance du matériel informatique | K38: =IF(J38='onglet de saisie'!$C$2,INDIRECT("d"&ROW()),"") | L38: =IF(K38='onglet de saisie'!$D$2,ROW(),"") -> 38
A39: Administratif Site LOTI | B39: Aménagement de l’espace | C39: Accès au matériel / archives | D39: Présence de câbles au sol Lourdeur de la porte d'accès au local Annexe au bureau : archives, local, porte très lourde à ouvrir | E39: Chute, choc, entorse | G39: . Modifier le câblage . Régler le groom de la porte | H39: =IF(A39='onglet de saisie'!$A$2,ROW(),"") | I39: =IF(H39="","",INDIRECT("B"&ROW())) | J39: =IF(I39='onglet de saisie'!$B$2,INDIRECT("C"&ROW()),"") -> Accès au matériel / archives | K39: =IF(J39='onglet de saisie'!$C$2,INDIRECT("d"&ROW()),"") | L39: =IF(K39='onglet de saisie'!$D$2,ROW(),"") -> 39
A40: ADULTES | B40: Manutention | C40: Préparation de la salle pour les animations du centre social (loto, fête de quartiers..) | D40: Activités collectives / de convivialité: Prendre la vaisselle placée en hauteur dans les placards Allumage du video projecteur au plafond (monter sur une table) Utilisation d'un escabeau | E40: Entorse, hématomes, léger traumatisme crânien, coupure, chute, chocs | F40: . Escabeau aux normes | G40: En fonction du type de manutention : consigne de travail d'être à 2 | H40: =IF(A40='onglet de saisie'!$A$2,ROW(),"") | I40: =IF(H40="","",INDIRECT("B"&ROW())) | J40: =IF(I40='onglet de saisie'!$B$2,INDIRECT("C"&ROW()),"") -> Préparation de la salle pour les animations du centre social (loto, fête de quartiers..) | K40: =IF(J40='onglet de saisie'!$C$2,INDIRECT("d"&ROW()),"") | L40: =IF(K40='onglet de saisie'!$D$2,ROW(),"") -> 40
A41: ADULTES | B41: Liés aux déplacements | C41: Achats à l'extérieur | D41: Conduite de différents types de véhicule (véhicule AFSCO classique ou 9 places + voiture personnelle) Transport de public : source de perturbation. Beaucoup de manipulations pour entrer et sortir du garage, espace exigu (contorsions), mettre les sièges bébé (lourd) Passer par une cour où il y a des enfants Fatigue du conducteur selon l'activité précédente Répondre au téléphone en situation de conduite Recherche de la destination pour les nouveaux, ou remplaçants (les conducteurs habituels connaissent les destinations) | E41: Accident de la circulation : Traumatismes psychiques et/ou dommages corporels Froissement musculaire Stress Fatigue | F41: . Véhicule en bon état, . Consignes de travail : S'assurer de la bonne prise en main du véhicule (pneu, rétro, ceinture…), de respecter le code de la route ; . Vérification des permis de conduire. . Consigne de travail : Obligation de s'arrêter pour appeler, répondre ou regarder son chemin ; utilisation GPS vocal | G41: . Piqure de rappel par formation : code de la route, sensibilisation aux effets de l'habitude et de l'inattention, prise en main du véhicule. . Formation "comment rouler en convoi" | H41: =IF(A41='onglet de saisie'!$A$2,ROW(),"") | I41: =IF(H41="","",INDIRECT("B"&ROW())) | J41: =IF(I41='onglet de saisie'!$B$2,INDIRECT("C"&ROW()),"") -> Achats à l'extérieur | K41: =IF(J41='onglet de saisie'!$C$2,INDIRECT("d"&ROW()),"") | L41: =IF(K41='onglet de saisie'!$D$2,ROW(),"") -> 41
A42: ADULTES | B42: Liés aux déplacements | C42: Déplacement avec les enfants (activités, sorties) | D42: Conduite de différents types de véhicule (véhicule AFSCO classique ou 9 places + voiture personnelle) Transport de public : source de perturbation. Beaucoup de manipulations pour entrer et sortir du garage, espace exigu (contorsions), mettre les sièges bébé (lourd) Passer par une cour où il y a des enfants Fatigue du conducteur selon l'activité précédente Répondre au téléphone en situation de conduite Recherche de la destination pour les nouveaux, ou remplaçants (les conducteurs habituels connaissent les destinations) | E42: Accident de la circulation : Traumatismes psychiques et/ou dommages corporels Froissement musculaire Stress Fatigue | F42: . Véhicule en bon état, . Consignes de travail : S'assurer de la bonne prise en main du véhicule (pneu, rétro, ceinture…), de respecter le code de la route ; . Vérification des permis de conduire. . Consigne de travail : Obligation de s'arrêter pour appeler, répondre ou regarder son chemin ; utilisation GPS vocal | G42: Lors des grands trajets, désigner 1 copilote parmi le public | H42: =IF(A42='onglet de saisie'!$A$2,ROW(),"") | I42: =IF(H42="","",INDIRECT("B"&ROW())) | J42: =IF(I42='onglet de saisie'!$B$2,INDIRECT("C"&ROW()),"") -> Déplacement avec les enfants (activités, sorties) | K42: =IF(J42='onglet de saisie'!$C$2,INDIRECT("d"&ROW()),"") | L42: =IF(K42='onglet de saisie'!$D$2,ROW(),"") -> 42
A43: ADULTES | B43: Liés aux déplacements | C43: Arrivées départs, déplacements entre les locaux (lieux de travail, réunions, etc) | D43: Conduite de différents types de véhicule (véhicule AFSCO classique ou 9 places + voiture personnelle) Transport de public : source de perturbation. Beaucoup de manipulations pour entrer et sortir du garage, espace exigu (contorsions), mettre les sièges bébé (lourd) Passer par une cour où il y a des enfants Fatigue du conducteur selon l'activité précédente Répondre au téléphone en situation de conduite Recherche de la destination pour les nouveaux, ou remplaçants (les conducteurs habituels connaissent les destinations) | E43: Accident de la circulation : Traumatismes psychiques et/ou dommages corporels Froissement musculaire Stress Fatigue | F43: . Véhicule en bon état, . Consignes de travail : S'assurer de la bonne prise en main du véhicule (pneu, rétro, ceinture…), de respecter le code de la route ; . Vérification des permis de conduire. . Consigne de travail : Obligation de s'arrêter pour appeler, répondre ou regarder son chemin ; utilisation GPS vocal | G43: . Préparation des trajets (feuille de route...) . S'assurer de la connaissance du véhicule . Mieux accompagner les nouveaux conducteurs | H43: =IF(A43='onglet de saisie'!$A$2,ROW(),"") | I43: =IF(H43="","",INDIRECT("B"&ROW())) | J43: =IF(I43='onglet de saisie'!$B$2,INDIRECT("C"&ROW()),"") -> Arrivées départs, déplacements entre les locaux (lieux de travail, réunions, etc) | K43: =IF(J43='onglet de saisie'!$C$2,INDIRECT("d"&ROW()),"") | L43: =IF(K43='onglet de saisie'!$D$2,ROW(),"") -> 43
A44: ADULTES | B44: Liés aux appareils électriques | C44: Animation activités manuelles | D44: Cuisine, couture, décoration... Utilisation d'ustensiles tranchants, chauffants, coupants.. pour les préparations culinaires et les travaux manuels Matériel professionnel : fer à repasser, surjeteuse, machines à coudre Inattention liée au groupe, polyvalence sur les activités Mauvaise utilisation du matériel | E44: Coupures, brulûres, piqures Stress | F44: Maintenance, renouvellement des matériels | G44: . Manifeste de la bonne utilisation des outils et du matériel, diffusion auprès des salariés et sensibilisation auprès des usagers . Etendre la maintenance, le renouvellement à tous les matériels | H44: =IF(A44='onglet de saisie'!$A$2,ROW(),"") | I44: =IF(H44="","",INDIRECT("B"&ROW())) | J44: =IF(I44='onglet de saisie'!$B$2,INDIRECT("C"&ROW()),"") -> Animation activités manuelles | K44: =IF(J44='onglet de saisie'!$C$2,INDIRECT("d"&ROW()),"") | L44: =IF(K44='onglet de saisie'!$D$2,ROW(),"") -> 44
A45: ADULTES | B45: Postures Pénibles | C45: Temps de présence avec enfants - Repas et activités | D45: Travailler debout sur des tables à hauteur inadaptée | E45: Dorsalgies, lumbagos, tendinites | G45: Achat d'un tabouret roulant et à hauteur | H45: =IF(A45='onglet de saisie'!$A$2,ROW(),"") | I45: =IF(H45="","",INDIRECT("B"&ROW())) | J45: =IF(I45='onglet de saisie'!$B$2,INDIRECT("C"&ROW()),"") -> Temps de présence avec enfants - Repas et activités | K45: =IF(J45='onglet de saisie'!$C$2,INDIRECT("d"&ROW()),"") | L45: =IF(K45='onglet de saisie'!$D$2,ROW(),"") -> 45
A46: ADULTES | B46: RPS | C46: Au poste de travail | D46: Contact avec un public agressif et instable Agressions verbales ou physiques Gestion de groupe Sollicitations, attentes et exigences fortes du public Salarié seul un temps / ou le samedi dans la structure Environnement (quartier) peu sécurisant : jeunes du quartier / difficiles Attirés par des activités (café concert, danse, …), périodes plus à risque (mi saison…) | E46: Sentiment d'insécurité Agressions verbales et physiques | F46: . Livret d'accueil à destination du public (en cours de finalisaton) . Formation gestion de publics difficiles, . Supervision . GPS, cohésion d'équipe, règlement d'utilisation des locaux . Formation public difficile . Sentinelle . Fermeture 1h plus tot le soir (après la fin des activités) | G46: . Renforcer les protocoles de sécurité en cas de période à risque, . Accompagnement psychologique pris en charge par la structure en cas de situations traumatisantes, . Réactiver Groupe prévention sécurité : protocoles . Faire perdurer les actions même en période calme . Etablir un "partenariat" avec le secteur ado . Faire intervenir une personne ressource | H46: =IF(A46='onglet de saisie'!$A$2,ROW(),"") | I46: =IF(H46="","",INDIRECT("B"&ROW())) | J46: =IF(I46='onglet de saisie'!$B$2,INDIRECT("C"&ROW()),"") -> Au poste de travail | K46: =IF(J46='onglet de saisie'!$C$2,INDIRECT("d"&ROW()),"") | L46: =IF(K46='onglet de saisie'!$D$2,ROW(),"") -> 46
A47: ADULTES | B47: RPS | C47: Entretiens individuels | D47: Individus alcoolisés ou difficiles Seule dans le bureau, pas d'autres salariés à certaines périodes (ex le vendredi après midi) | E47: Stress, fatigue, sentiment de manque de considération | F47: . Consignes de sécurité : changement de lieu d'entretien, porte ouverte, prévenir l'accueil, blacklist | G47: . Refaire la formation "gestion des publics difficiles", "gestion de conflit" (public et salariés) (NB : Cibler les attentes) | H47: =IF(A47='onglet de saisie'!$A$2,ROW(),"") | I47: =IF(H47="","",INDIRECT("B"&ROW())) | J47: =IF(I47='onglet de saisie'!$B$2,INDIRECT("C"&ROW()),"") -> Entretiens individuels | K47: =IF(J47='onglet de saisie'!$C$2,INDIRECT("d"&ROW()),"") | L47: =IF(K47='onglet de saisie'!$D$2,ROW(),"") -> 47
A48: ADULTES | B48: Aménagement de l’espace | C48: Mise à disposition / Partage de l'espace | D48: Bureau installé dans l'atrium, a proximité des publics, des activités, du matériel bruyant: déconcentration | E48: Fatigue, Surcharge de travail | F48: Interaction avec l'activité | G48: Réflexion sur un aure aménagement Matériel adapté | H48: =IF(A48='onglet de saisie'!$A$2,ROW(),"") | I48: =IF(H48="","",INDIRECT("B"&ROW())) | J48: =IF(I48='onglet de saisie'!$B$2,INDIRECT("C"&ROW()),"") -> Mise à disposition / Partage de l'espace | K48: =IF(J48='onglet de saisie'!$C$2,INDIRECT("d"&ROW()),"") | L48: =IF(K48='onglet de saisie'!$D$2,ROW(),"") -> 48
A49: AGENT D'ENTRETIEN | B49: Conception architecturale | C49: multiples zones de travail | D49: Escalier sur 5 étages | E49: Chutes, entorses, glissades Dorsalgies, lumbagos, tendinites | F49: Formation gestes et postures | H49: =IF(A49='onglet de saisie'!$A$2,ROW(),"") | I49: =IF(H49="","",INDIRECT("B"&ROW())) | J49: =IF(I49='onglet de saisie'!$B$2,INDIRECT("C"&ROW()),"") -> multiples zones de travail | K49: =IF(J49='onglet de saisie'!$C$2,INDIRECT("d"&ROW()),"") | L49: =IF(K49='onglet de saisie'!$D$2,ROW(),"") -> 49
A50: AGENT D'ENTRETIEN | B50: RPS | C50: Au poste de travail | D50: Pénibilité des tâches | E50: Démotivation | F50: Ecoute de la hiérarchie | H50: =IF(A50='onglet de saisie'!$A$2,ROW(),"") | I50: =IF(H50="","",INDIRECT("B"&ROW())) | J50: =IF(I50='onglet de saisie'!$B$2,INDIRECT("C"&ROW()),"") -> Au poste de travail | K50: =IF(J50='onglet de saisie'!$C$2,INDIRECT("d"&ROW()),"") | L50: =IF(K50='onglet de saisie'!$D$2,ROW(),"") -> 50
A51: AGENT D'ENTRETIEN | B51: RPS | C51: Au poste de travail | D51: Pas de retour qualité, travail pas respecté (quelqu’un passe alors que vient de nettoyer) | E51: Sentiment de dévalorisation | F51: Plus de reconnaissance et prise de conscience du travail / Recherche active de solutions / sensibilisation des professionnels | H51: =IF(A51='onglet de saisie'!$A$2,ROW(),"") | I51: =IF(H51="","",INDIRECT("B"&ROW())) | J51: =IF(I51='onglet de saisie'!$B$2,INDIRECT("C"&ROW()),"") -> Au poste de travail | K51: =IF(J51='onglet de saisie'!$C$2,INDIRECT("d"&ROW()),"") | L51: =IF(K51='onglet de saisie'!$D$2,ROW(),"") -> 51
A52: AGENT D'ENTRETIEN | B52: RPS | C52: Mise en place / rangement / nettoyage | D52: Présence de public, bousculade : désorganisation du travail | E52: Stress chutes, entorses, glissades risques sanitaires | F52: Améliorer l’organisation et privilégier les horaires décalés (définir les zones selon les temps d’accueil de publics) / Sensibiliser l’agent sur l’organisation de travail en lien avec le responsable du centre / Matérialiser la zone de nettoyage ; interdire l’accès / Mieux utiliser les espaces / mise en place de poubelles pour le public / EPI | H52: =IF(A52='onglet de saisie'!$A$2,ROW(),"") | I52: =IF(H52="","",INDIRECT("B"&ROW())) | J52: =IF(I52='onglet de saisie'!$B$2,INDIRECT("C"&ROW()),"") -> Mise en place / rangement / nettoyage | K52: =IF(J52='onglet de saisie'!$C$2,INDIRECT("d"&ROW()),"") | L52: =IF(K52='onglet de saisie'!$D$2,ROW(),"") -> 52
A53: AGENT D'ENTRETIEN | B53: RPS | C53: Horaires / saisonnalité de l'activité | D53: Période de forte activité durant les vacances scolaires | E53: Démotivation | H53: =IF(A53='onglet de saisie'!$A$2,ROW(),"") | I53: =IF(H53="","",INDIRECT("B"&ROW())) | J53: =IF(I53='onglet de saisie'!$B$2,INDIRECT("C"&ROW()),"") -> Horaires / saisonnalité de l'activité | K53: =IF(J53='onglet de saisie'!$C$2,INDIRECT("d"&ROW()),"") | L53: =IF(K53='onglet de saisie'!$D$2,ROW(),"") -> 53
A54: AGENT D'ENTRETIEN | B54: Liés aux déplacements | C54: Arrivées départs, déplacements entre les locaux (lieux de travail, réunions, etc) | D54: Problématiques liées aux modes de transport : retards, difficultés de circulation, départs anticipés… | E54: Fatigue psychologique / lassitude face aux contraintes Fatigue physique | F54: Renforcement des effectifs (roulement de poste) | H54: =IF(A54='onglet de saisie'!$A$2,ROW(),"") | I54: =IF(H54="","",INDIRECT("B"&ROW())) | J54: =IF(I54='onglet de saisie'!$B$2,INDIRECT("C"&ROW()),"") -> Arrivées départs, déplacements entre les locaux (lieux de travail, réunions, etc) | K54: =IF(J54='onglet de saisie'!$C$2,INDIRECT("d"&ROW()),"") | L54: =IF(K54='onglet de saisie'!$D$2,ROW(),"") -> 54
A55: AGENT D'ENTRETIEN | B55: RPS | C55: Horaires / saisonnalité de l'activité | D55: Prendre les vacances en dehors des vacances scolaires | E55: Fatigue psychologique / lassitude face aux contraintes | F55: Possibilité appeler renfort si nécessaire | H55: =IF(A55='onglet de saisie'!$A$2,ROW(),"") | I55: =IF(H55="","",INDIRECT("B"&ROW())) | J55: =IF(I55='onglet de saisie'!$B$2,INDIRECT("C"&ROW()),"") -> Horaires / saisonnalité de l'activité | K55: =IF(J55='onglet de saisie'!$C$2,INDIRECT("d"&ROW()),"") | L55: =IF(K55='onglet de saisie'!$D$2,ROW(),"") -> 55
A56: AGENT D'ENTRETIEN | B56: Manutention | C56: Réception et rangement des commandes (alimentaires, puériculture, matériel) | D56: Réceptionner des colis de xx kg et les ranger (en bas, en haut) | E56: Dorsalgies, lumbagos, tendinites | F56: EPI (Gants / Chaussures de sécurité) / Consignes de rangement : poids près du sol ; porter les charges plus lourdes à deux / Formation gestes et postures | H56: =IF(A56='onglet de saisie'!$A$2,ROW(),"") | I56: =IF(H56="","",INDIRECT("B"&ROW())) | J56: =IF(I56='onglet de saisie'!$B$2,INDIRECT("C"&ROW()),"") -> Réception et rangement des commandes (alimentaires, puériculture, matériel) | K56: =IF(J56='onglet de saisie'!$C$2,INDIRECT("d"&ROW()),"") | L56: =IF(K56='onglet de saisie'!$D$2,ROW(),"") -> 56
A57: AGENT D'ENTRETIEN | B57: Manutention | C57: Déplacement des seaux / matériels | D57: Vitesse | E57: Dorsalgies, lumbagos, tendinites | F57: Chariot de ménage / Formation gestes et postures | H57: =IF(A57='onglet de saisie'!$A$2,ROW(),"") | I57: =IF(H57="","",INDIRECT("B"&ROW())) | J57: =IF(I57='onglet de saisie'!$B$2,INDIRECT("C"&ROW()),"") -> Déplacement des seaux / matériels | K57: =IF(J57='onglet de saisie'!$C$2,INDIRECT("d"&ROW()),"") | L57: =IF(K57='onglet de saisie'!$D$2,ROW(),"") -> 57
A58: AGENT D'ENTRETIEN | B58: Manutention | C58: Déplacement des seaux / matériels | D58: Escaliers | E58: Chutes, entorses, glissades | F58: Bacs adaptés (eau), balais adaptés / EPI | H58: =IF(A58='onglet de saisie'!$A$2,ROW(),"") | I58: =IF(H58="","",INDIRECT("B"&ROW())) | J58: =IF(I58='onglet de saisie'!$B$2,INDIRECT("C"&ROW()),"") -> Déplacement des seaux / matériels | K58: =IF(J58='onglet de saisie'!$C$2,INDIRECT("d"&ROW()),"") | L58: =IF(K58='onglet de saisie'!$D$2,ROW(),"") -> 58
A59: AGENT D'ENTRETIEN | B59: Manutention | C59: Déplacement des seaux / matériels | D59: Manipulation malaisée / Poids important (seaux, chariots..) | E59: Dorsalgies, lumbagos, tendinites | F59: Parcours / organisation du travail fonctionnel | H59: =IF(A59='onglet de saisie'!$A$2,ROW(),"") | I59: =IF(H59="","",INDIRECT("B"&ROW())) | J59: =IF(I59='onglet de saisie'!$B$2,INDIRECT("C"&ROW()),"") -> Déplacement des seaux / matériels | K59: =IF(J59='onglet de saisie'!$C$2,INDIRECT("d"&ROW()),"") | L59: =IF(K59='onglet de saisie'!$D$2,ROW(),"") -> 59
A60: AGENT D'ENTRETIEN | B60: Manutention | C60: Déplacement des seaux / matériels | D60: Eau très chaude | E60: Brûlures | F60: Eventuellement étudier la piste du nettoyage vapeur | H60: =IF(A60='onglet de saisie'!$A$2,ROW(),"") | I60: =IF(H60="","",INDIRECT("B"&ROW())) | J60: =IF(I60='onglet de saisie'!$B$2,INDIRECT("C"&ROW()),"") -> Déplacement des seaux / matériels | K60: =IF(J60='onglet de saisie'!$C$2,INDIRECT("d"&ROW()),"") | L60: =IF(K60='onglet de saisie'!$D$2,ROW(),"") -> 60
A61: AGENT D'ENTRETIEN | B61: Manutention | C61: Mise en place / rangement / nettoyage | D61: Déplacer seul(e) le mobilier (tables, chaises, caisses de jeux…): lourd / inapdaté ; technique non appropriée | E61: Dorsalgies, lumbagos, tendinites | F61: Organiser le temps de travail pour maîtriser sa posture / Formation posture et organisation de travail / achat de matériel plus léger | H61: =IF(A61='onglet de saisie'!$A$2,ROW(),"") | I61: =IF(H61="","",INDIRECT("B"&ROW())) | J61: =IF(I61='onglet de saisie'!$B$2,INDIRECT("C"&ROW()),"") -> Mise en place / rangement / nettoyage | K61: =IF(J61='onglet de saisie'!$C$2,INDIRECT("d"&ROW()),"") | L61: =IF(K61='onglet de saisie'!$D$2,ROW(),"") -> 61
A62: AGENT D'ENTRETIEN | B62: Manutention | C62: Mise en place / rangement / nettoyage | D62: Déplacer seul(e) le mobilier (tables, chaises, caisses de jeux…): lourd / inapdaté ; technique non appropriée | E62: Chute d'objet (écrasement) | F62: Réflexion sur le protocole / sur l’organisation de travail | H62: =IF(A62='onglet de saisie'!$A$2,ROW(),"") | I62: =IF(H62="","",INDIRECT("B"&ROW())) | J62: =IF(I62='onglet de saisie'!$B$2,INDIRECT("C"&ROW()),"") -> Mise en place / rangement / nettoyage | K62: =IF(J62='onglet de saisie'!$C$2,INDIRECT("d"&ROW()),"") | L62: =IF(K62='onglet de saisie'!$D$2,ROW(),"") -> 62
A63: AGENT D'ENTRETIEN | B63: Postures Pénibles | C63: Mise en place / rangement / nettoyage | D63: Nettoyage balai / serpillère | E63: Dorsalgies, lumbagos, tendinites | F63: Consigne aux utilisateurs de ranger le matériel / Renouvellement par du matériel adapté et léger / Formation gestes et postures | H63: =IF(A63='onglet de saisie'!$A$2,ROW(),"") | I63: =IF(H63="","",INDIRECT("B"&ROW())) | J63: =IF(I63='onglet de saisie'!$B$2,INDIRECT("C"&ROW()),"") -> Mise en place / rangement / nettoyage | K63: =IF(J63='onglet de saisie'!$C$2,INDIRECT("d"&ROW()),"") | L63: =IF(K63='onglet de saisie'!$D$2,ROW(),"") -> 63
A64: AGENT D'ENTRETIEN | B64: Manutention | C64: Mise en place / rangement / nettoyage | D64: Usage des gants pas généralisé (gêne, ou manque de motivation à les mettre) | E64: Chocs, chutes, coupures | F64: Généraliser l’utilisation des gants | H64: =IF(A64='onglet de saisie'!$A$2,ROW(),"") | I64: =IF(H64="","",INDIRECT("B"&ROW())) | J64: =IF(I64='onglet de saisie'!$B$2,INDIRECT("C"&ROW()),"") -> Mise en place / rangement / nettoyage | K64: =IF(J64='onglet de saisie'!$C$2,INDIRECT("d"&ROW()),"") | L64: =IF(K64='onglet de saisie'!$D$2,ROW(),"") -> 64
A65: AGENT D'ENTRETIEN | B65: Manutention | C65: Mise en place / rangement / nettoyage | D65: Nettoyage balai / serpillère | E65: Chutes, entorses, glissades | F65: Balisage | H65: =IF(A65='onglet de saisie'!$A$2,ROW(),"") | I65: =IF(H65="","",INDIRECT("B"&ROW())) | J65: =IF(I65='onglet de saisie'!$B$2,INDIRECT("C"&ROW()),"") -> Mise en place / rangement / nettoyage | K65: =IF(J65='onglet de saisie'!$C$2,INDIRECT("d"&ROW()),"") | L65: =IF(K65='onglet de saisie'!$D$2,ROW(),"") -> 65
... A74: AGENT DE RESTAURATION | B74: Aménagement de l’espace | C74: Nettoyage sols et rangement du matériel | D74: Sols glissants (nettoyage au jet) | E74: Chutes, entorses, glissades | F74: Réaménagement de l’espace de travail avec l’ergonome | H74: =IF(A74='onglet de saisie'!$A$2,ROW(),"") | I74: =IF(H74="","",INDIRECT("B"&ROW())) | J74: =IF(I74='onglet de saisie'!$B$2,INDIRECT("C"&ROW()),"") -> Nettoyage sols et rangement du matériel | K74: =IF(J74='onglet de saisie'!$C$2,INDIRECT("d"&ROW()),"") | L74: =IF(K74='onglet de saisie'!$D$2,ROW(),"") -> 74
A75: AGENT DE RESTAURATION | B75: Aménagement de l’espace | C75: Rangements inadaptés | D75: Matériel lourd et encombrant / rangements inadaptés ou manquants | E75: Dorsalgies, lumbagos, tendinites | H75: =IF(A75='onglet de saisie'!$A$2,ROW(),"") | I75: =IF(H75="","",INDIRECT("B"&ROW())) | J75: =IF(I75='onglet de saisie'!$B$2,INDIRECT("C"&ROW()),"") -> Rangements inadaptés | K75: =IF(J75='onglet de saisie'!$C$2,INDIRECT("d"&ROW()),"") | L75: =IF(K75='onglet de saisie'!$D$2,ROW(),"") -> 75
A76: AGENT DE RESTAURATION | B76: Conception architecturale | C76: Fuites | D76: cuisines: Fuites d’eau dans le bâtiment - sols mouillés | E76: Chutes, entorses, glissades electrocution | F76: Prévenir sur l’endroit de la fuite (signalisation) / Intervention rapide | H76: =IF(A76='onglet de saisie'!$A$2,ROW(),"") | I76: =IF(H76="","",INDIRECT("B"&ROW())) | J76: =IF(I76='onglet de saisie'!$B$2,INDIRECT("C"&ROW()),"") -> Fuites | K76: =IF(J76='onglet de saisie'!$C$2,INDIRECT("d"&ROW()),"") | L76: =IF(K76='onglet de saisie'!$D$2,ROW(),"") -> 76
A77: AGENT DE RESTAURATION | B77: Risques électriques | C77: Cuisine : Préparer le repas des enfants | D77: Fuite d’eau dans le bâtiment sols mouillés | E77: Electrocution | F77: Appel à la vigilance des salariés | H77: =IF(A77='onglet de saisie'!$A$2,ROW(),"") | I77: =IF(H77="","",INDIRECT("B"&ROW())) | J77: =IF(I77='onglet de saisie'!$B$2,INDIRECT("C"&ROW()),"") -> Cuisine : Préparer le repas des enfants | K77: =IF(J77='onglet de saisie'!$C$2,INDIRECT("d"&ROW()),"") | L77: =IF(K77='onglet de saisie'!$D$2,ROW(),"") -> 77
A78: AGENT DE RESTAURATION | B78: Conception architecturale | C78: multiples zones de travail | D78: 4 zones de travail (stockage/épluchage ; préparation, laverie ; déchetterie) beaucoup d’allers-retours | E78: Chutes, entorses, glissades fatigue physique | F78: Utilisation des chariots de manutention | H78: =IF(A78='onglet de saisie'!$A$2,ROW(),"") | I78: =IF(H78="","",INDIRECT("B"&ROW())) | J78: =IF(I78='onglet de saisie'!$B$2,INDIRECT("C"&ROW()),"") -> multiples zones de travail | K78: =IF(J78='onglet de saisie'!$C$2,INDIRECT("d"&ROW()),"") | L78: =IF(K78='onglet de saisie'!$D$2,ROW(),"") -> 78
A79: AGENT DE RESTAURATION | B79: RPS | C79: Mise en place / rangement / nettoyage | D79: Organisation en plusieurs services | E79: Stress | F79: Définition de zones d’entrée et de sortie ; accès aux abords du satellite interdit / Sensibilisation sur l’organisation de travail en lien avec le responsable du secteur | H79: =IF(A79='onglet de saisie'!$A$2,ROW(),"") | I79: =IF(H79="","",INDIRECT("B"&ROW())) | J79: =IF(I79='onglet de saisie'!$B$2,INDIRECT("C"&ROW()),"") -> Mise en place / rangement / nettoyage | K79: =IF(J79='onglet de saisie'!$C$2,INDIRECT("d"&ROW()),"") | L79: =IF(K79='onglet de saisie'!$D$2,ROW(),"") -> 79
A80: AGENT DE RESTAURATION | B80: RPS | C80: Mise en place / rangement / nettoyage | D80: Présence des enfants, animateurs, bousculades | E80: Chocs, chutes, coupures | F80: Amélioration de l’usage des salles pour les deux services / | H80: =IF(A80='onglet de saisie'!$A$2,ROW(),"") | I80: =IF(H80="","",INDIRECT("B"&ROW())) | J80: =IF(I80='onglet de saisie'!$B$2,INDIRECT("C"&ROW()),"") -> Mise en place / rangement / nettoyage | K80: =IF(J80='onglet de saisie'!$C$2,INDIRECT("d"&ROW()),"") | L80: =IF(K80='onglet de saisie'!$D$2,ROW(),"") -> 80
A81: AGENT DE RESTAURATION | B81: RPS | C81: Mise en place / rangement / nettoyage | D81: Désorganisation du travail | E81: Démotivation | F81: Amélioration de l’organisation (panière à pain, pichets d’eau, poubelles) / | H81: =IF(A81='onglet de saisie'!$A$2,ROW(),"") | I81: =IF(H81="","",INDIRECT("B"&ROW())) | J81: =IF(I81='onglet de saisie'!$B$2,INDIRECT("C"&ROW()),"") -> Mise en place / rangement / nettoyage | K81: =IF(J81='onglet de saisie'!$C$2,INDIRECT("d"&ROW()),"") | L81: =IF(K81='onglet de saisie'!$D$2,ROW(),"") -> 81
A82: AGENT DE RESTAURATION | B82: RPS | C82: Horaires / saisonnalité de l'activité | D82: Contraintes horaires / Horaires décalés / Période de forte activité durant les vacances scolaires | E82: Stress / Démotivation | F82: Recherche active de solutions pour que les agents soient véhiculés | H82: =IF(A82='onglet de saisie'!$A$2,ROW(),"") | I82: =IF(H82="","",INDIRECT("B"&ROW())) | J82: =IF(I82='onglet de saisie'!$B$2,INDIRECT("C"&ROW()),"") -> Horaires / saisonnalité de l'activité | K82: =IF(J82='onglet de saisie'!$C$2,INDIRECT("d"&ROW()),"") | L82: =IF(K82='onglet de saisie'!$D$2,ROW(),"") -> 82
A83: AGENT DE RESTAURATION | B83: RPS | C83: Au poste de travail | D83: Travaille seule, cuisine à part, et fermée | E83: Sentiment d’isolement | F83: Réflexion à la participation aux réunions d’équipes | H83: =IF(A83='onglet de saisie'!$A$2,ROW(),"") | I83: =IF(H83="","",INDIRECT("B"&ROW())) | J83: =IF(I83='onglet de saisie'!$B$2,INDIRECT("C"&ROW()),"") -> Au poste de travail | K83: =IF(J83='onglet de saisie'!$C$2,INDIRECT("d"&ROW()),"") | L83: =IF(K83='onglet de saisie'!$D$2,ROW(),"") -> 83
A84: AGENT DE RESTAURATION | B84: Risques d'incendie | C84: Dans les locaux | D84: Absence d’alarme incendie | E84: Stress | F84: Installer une alarme incendie | H84: =IF(A84='onglet de saisie'!$A$2,ROW(),"") | I84: =IF(H84="","",INDIRECT("B"&ROW())) | J84: =IF(I84='onglet de saisie'!$B$2,INDIRECT("C"&ROW()),"") -> Dans les locaux | K84: =IF(J84='onglet de saisie'!$C$2,INDIRECT("d"&ROW()),"") | L84: =IF(K84='onglet de saisie'!$D$2,ROW(),"") -> 84
A85: AGENT DE RESTAURATION | B85: Liés aux appareils électriques | C85: Préparation des repas / nettoyage | D85: Utilisation de matériels électriques : trancheuse à pain ; machine à laver la vaisselle… | E85: Chocs, chutes, coupures Electrocution | F85: Formation interne pour la bonne utilisation des appareils, formalisée sur un registre / EPI adaptés / matériel aux normes | H85: =IF(A85='onglet de saisie'!$A$2,ROW(),"") | I85: =IF(H85="","",INDIRECT("B"&ROW())) | J85: =IF(I85='onglet de saisie'!$B$2,INDIRECT("C"&ROW()),"") -> Préparation des repas / nettoyage | K85: =IF(J85='onglet de saisie'!$C$2,INDIRECT("d"&ROW()),"") | L85: =IF(K85='onglet de saisie'!$D$2,ROW(),"") -> 85
A86: AGENT DE RESTAURATION | B86: Liés aux appareils électriques | C86: Préparation des repas / nettoyage | D86: Une part du personnel en insertion professionnelle | E86: Stress | F86: Pour le personnel en insertion : envisager un circuit d’intégration | H86: =IF(A86='onglet de saisie'!$A$2,ROW(),"") | I86: =IF(H86="","",INDIRECT("B"&ROW())) | J86: =IF(I86='onglet de saisie'!$B$2,INDIRECT("C"&ROW()),"") -> Préparation des repas / nettoyage | K86: =IF(J86='onglet de saisie'!$C$2,INDIRECT("d"&ROW()),"") | L86: =IF(K86='onglet de saisie'!$D$2,ROW(),"") -> 86
A87: AGENT DE RESTAURATION | B87: Manipulation | C87: Préparation des repas | D87: Epluchage des légumes ou fruits (xx kg) | E87: Chocs, chutes, coupures | F87: Outils adaptés / Formation + suivi sur la posture et l’organisation de travail | H87: =IF(A87='onglet de saisie'!$A$2,ROW(),"") | I87: =IF(H87="","",INDIRECT("B"&ROW())) | J87: =IF(I87='onglet de saisie'!$B$2,INDIRECT("C"&ROW()),"") -> Préparation des repas | K87: =IF(J87='onglet de saisie'!$C$2,INDIRECT("d"&ROW()),"") | L87: =IF(K87='onglet de saisie'!$D$2,ROW(),"") -> 87
... A99: AGENT DE RESTAURATION | B99: Postures Pénibles | C99: Au poste de travail | D99: Station debout | E99: Dorsalgies, lumbagos, tendinites | F99: Organise le temps de travail afin de maitriser sa posture / Formation + suivi sur la posture et l’organisation de travail | H99: =IF(A99='onglet de saisie'!$A$2,ROW(),"") | I99: =IF(H99="","",INDIRECT("B"&ROW())) | J99: =IF(I99='onglet de saisie'!$B$2,INDIRECT("C"&ROW()),"") -> Au poste de travail | K99: =IF(J99='onglet de saisie'!$C$2,INDIRECT("d"&ROW()),"") | L99: =IF(K99='onglet de saisie'!$D$2,ROW(),"") -> 99
A100: AGENT DE RESTAURATION | B100: Postures Pénibles | C100: Au poste de travail | D100: Nombreux déplacements | E100: Dorsalgies, lumbagos, tendinites | H100: =IF(A100='onglet de saisie'!$A$2,ROW(),"") | I100: =IF(H100="","",INDIRECT("B"&ROW())) | J100: =IF(I100='onglet de saisie'!$B$2,INDIRECT("C"&ROW()),"") -> Au poste de travail | K100: =IF(J100='onglet de saisie'!$C$2,INDIRECT("d"&ROW()),"") | L100: =IF(K100='onglet de saisie'!$D$2,ROW(),"") -> 100
A101: AGENT DE RESTAURATION | B101: Postures Pénibles | C101: Au poste de travail | D101: Buste courbé | E101: Dorsalgies, lumbagos, tendinites | H101: =IF(A101='onglet de saisie'!$A$2,ROW(),"") | I101: =IF(H101="","",INDIRECT("B"&ROW())) | J101: =IF(I101='onglet de saisie'!$B$2,INDIRECT("C"&ROW()),"") -> Au poste de travail | K101: =IF(J101='onglet de saisie'!$C$2,INDIRECT("d"&ROW()),"") | L101: =IF(K101='onglet de saisie'!$D$2,ROW(),"") -> 101
A102: AGENT DE RESTAURATION | B102: Postures Pénibles | C102: Vaisselle | D102: Station debout / piétinement | E102: Problèmes de circulation | F102: Poste de lavage aux normes | H102: =IF(A102='onglet de saisie'!$A$2,ROW(),"") | I102: =IF(H102="","",INDIRECT("B"&ROW())) | J102: =IF(I102='onglet de saisie'!$B$2,INDIRECT("C"&ROW()),"") -> Vaisselle | K102: =IF(J102='onglet de saisie'!$C$2,INDIRECT("d"&ROW()),"") | L102: =IF(K102='onglet de saisie'!$D$2,ROW(),"") -> 102
A103: AGENT DE RESTAURATION | B103: Postures Pénibles | C103: Vaisselle | D103: Postures contraintes | E103: Dorsalgies, lumbagos, tendinites | F103: Répartir les tâches | H103: =IF(A103='onglet de saisie'!$A$2,ROW(),"") | I103: =IF(H103="","",INDIRECT("B"&ROW())) | J103: =IF(I103='onglet de saisie'!$B$2,INDIRECT("C"&ROW()),"") -> Vaisselle | K103: =IF(J103='onglet de saisie'!$C$2,INDIRECT("d"&ROW()),"") | L103: =IF(K103='onglet de saisie'!$D$2,ROW(),"") -> 103
A104: AGENT DE RESTAURATION | B104: Postures Pénibles | C104: Vaisselle | D104: Evier profond, gamelles hautes | E104: Dorsalgies, lumbagos, tendinites | F104: Travail avec l’ergonome / réflexion aménagement de la cuisine | H104: =IF(A104='onglet de saisie'!$A$2,ROW(),"") | I104: =IF(H104="","",INDIRECT("B"&ROW())) | J104: =IF(I104='onglet de saisie'!$B$2,INDIRECT("C"&ROW()),"") -> Vaisselle | K104: =IF(J104='onglet de saisie'!$C$2,INDIRECT("d"&ROW()),"") | L104: =IF(K104='onglet de saisie'!$D$2,ROW(),"") -> 104
A105: AGENT DE RESTAURATION | B105: Risques biologiques et infectieux | C105: Préparation / Service restauration | D105: Les salariés partagent les repas des enfants | E105: Intoxication / Réactions allergiques / Brûlures | F105: Formation sur les protocoles d’hygiène HACCP / Eviter toute contamination : contact avec le public, tenue propre … / Sensibiliser sur les moyens à utiliser | H105: =IF(A105='onglet de saisie'!$A$2,ROW(),"") | I105: =IF(H105="","",INDIRECT("B"&ROW())) | J105: =IF(I105='onglet de saisie'!$B$2,INDIRECT("C"&ROW()),"") -> Préparation / Service restauration | K105: =IF(J105='onglet de saisie'!$C$2,INDIRECT("d"&ROW()),"") | L105: =IF(K105='onglet de saisie'!$D$2,ROW(),"") -> 105
A106: ANIMATEUR ENFANCE | B106: RPS | C106: Type de contrat / rémunération | D106: Non reconnaissance du métier par rapport à la responsabilité et l’implication | E106: Démotivation | F106: Augmentation du salaire en fonction des diplômes (renforcement des quotas de diplômés) / Valoriser ou reconnaitre la fonction d’adjoint // les salaires | H106: =IF(A106='onglet de saisie'!$A$2,ROW(),"") | I106: =IF(H106="","",INDIRECT("B"&ROW())) | J106: =IF(I106='onglet de saisie'!$B$2,INDIRECT("C"&ROW()),"") -> Type de contrat / rémunération | K106: =IF(J106='onglet de saisie'!$C$2,INDIRECT("d"&ROW()),"") | L106: =IF(K106='onglet de saisie'!$D$2,ROW(),"") -> 106
A107: ANIMATEUR ENFANCE | B107: RPS | C107: Type de contrat / rémunération | D107: Précarité des contrats / turn-over | E107: Sentiment de non reconnaissance | F107: Réunion payée / | H107: =IF(A107='onglet de saisie'!$A$2,ROW(),"") | I107: =IF(H107="","",INDIRECT("B"&ROW())) | J107: =IF(I107='onglet de saisie'!$B$2,INDIRECT("C"&ROW()),"") -> Type de contrat / rémunération | K107: =IF(J107='onglet de saisie'!$C$2,INDIRECT("d"&ROW()),"") | L107: =IF(K107='onglet de saisie'!$D$2,ROW(),"") -> 107
A108: ANIMATEUR ENFANCE | B108: RPS | C108: Type de contrat / rémunération | D108: Contradictions de la fonction : exigences vis-à-vis de la Direction, responsabilité de la sécurité des enfants, valeurs associatives | E108: Stress | F108: Prise en charge du repas / Valoriser les formations pour valoriser les compétences des animateurs | H108: =IF(A108='onglet de saisie'!$A$2,ROW(),"") | I108: =IF(H108="","",INDIRECT("B"&ROW())) | J108: =IF(I108='onglet de saisie'!$B$2,INDIRECT("C"&ROW()),"") -> Type de contrat / rémunération | K108: =IF(J108='onglet de saisie'!$C$2,INDIRECT("d"&ROW()),"") | L108: =IF(K108='onglet de saisie'!$D$2,ROW(),"") -> 108
A109: ANIMATEUR ENFANCE | B109: RPS | C109: Préparation des projets d’animation | D109: Temps de préparation limité / impact sur l’organisation de la journée | E109: Stress Fatigue psychologique / lassitude face aux contraintes | F109: Formation interne des équipes et accompagnement professionnel / Réflexion sur les postes d'adjoint / Pérenniser les emplois (CDD plutôt que CEE) | H109: =IF(A109='onglet de saisie'!$A$2,ROW(),"") | I109: =IF(H109="","",INDIRECT("B"&ROW())) | J109: =IF(I109='onglet de saisie'!$B$2,INDIRECT("C"&ROW()),"") -> Préparation des projets d’animation | K109: =IF(J109='onglet de saisie'!$C$2,INDIRECT("d"&ROW()),"") | L109: =IF(K109='onglet de saisie'!$D$2,ROW(),"") -> 109
A110: ANIMATEUR ENFANCE | B110: RPS | C110: Travail en équipe | D110: Nombre d’animateurs importants et issus d’univers différents | E110: Conflits / tensions démotivation | F110: Charte d’engagement / clarification des fonctions et des postures professionnelles / Echange de pratiques / Journée cohésion d’équipe en préparation de l’été/format ludique / Suivi des Responsables (préparation des plannings, réunions bilan, suivi individuel) | H110: =IF(A110='onglet de saisie'!$A$2,ROW(),"") | I110: =IF(H110="","",INDIRECT("B"&ROW())) | J110: =IF(I110='onglet de saisie'!$B$2,INDIRECT("C"&ROW()),"") -> Travail en équipe | K110: =IF(J110='onglet de saisie'!$C$2,INDIRECT("d"&ROW()),"") | L110: =IF(K110='onglet de saisie'!$D$2,ROW(),"") -> 110
A111: ANIMATEUR ENFANCE | B111: Liés à l'environnement | C111: Séjours à l’étranger (pas de secteur jeunes, accompagnement et encadrement des jeunes par projet) | D111: Trajet / environnement étranger | E111: Fatigue psychologique / lassitude face aux contraintes Stress Accident de la circulation Risques sanitaires | F111: Préparation des projets sur plusieurs mois, avec des personnes compétentes / Procédures / accompagnent en séjour à l’étranger / Réduit les dates sur 5 jours (avant 8) | H111: =IF(A111='onglet de saisie'!$A$2,ROW(),"") | I111: =IF(H111="","",INDIRECT("B"&ROW())) | J111: =IF(I111='onglet de saisie'!$B$2,INDIRECT("C"&ROW()),"") -> Séjours à l’étranger (pas de secteur jeunes, accompagnement et encadrement des jeunes par projet) | K111: =IF(J111='onglet de saisie'!$C$2,INDIRECT("d"&ROW()),"") | L111: =IF(K111='onglet de saisie'!$D$2,ROW(),"") -> 111
A112: ANIMATEUR ENFANCE | B112: Liés aux déplacements | C112: Arrivées départs, déplacements entre les locaux (lieux de travail, réunions, etc) | D112: Fatigue due à l’amplitude horaire | E112: Accident de la circulation : Traumatismes psychiques et/ou dommages corporels Froissement musculaire Stress Fatigue | F112: Covoiturage / | H112: =IF(A112='onglet de saisie'!$A$2,ROW(),"") | I112: =IF(H112="","",INDIRECT("B"&ROW())) | J112: =IF(I112='onglet de saisie'!$B$2,INDIRECT("C"&ROW()),"") -> Arrivées départs, déplacements entre les locaux (lieux de travail, réunions, etc) | K112: =IF(J112='onglet de saisie'!$C$2,INDIRECT("d"&ROW()),"") | L112: =IF(K112='onglet de saisie'!$D$2,ROW(),"") -> 112
A113: ANIMATEUR ENFANCE | B113: Liés aux déplacements | C113: Arrivées départs, déplacements entre les locaux (lieux de travail, réunions, etc) | D113: Lieux différents : travail administratif au cs et déplacement sur lieux d’activités ou écoles | E113: Accident de la circulation : Traumatismes psychiques et/ou dommages corporels Froissement musculaire Stress Fatigue | F113: Rappels de bonne conduite | H113: =IF(A113='onglet de saisie'!$A$2,ROW(),"") | I113: =IF(H113="","",INDIRECT("B"&ROW())) | J113: =IF(I113='onglet de saisie'!$B$2,INDIRECT("C"&ROW()),"") -> Arrivées départs, déplacements entre les locaux (lieux de travail, réunions, etc) | K113: =IF(J113='onglet de saisie'!$C$2,INDIRECT("d"&ROW()),"") | L113: =IF(K113='onglet de saisie'!$D$2,ROW(),"") -> 113
... A127: ANIMATEUR ENFANCE | B127: Organisation du travail | C127: Périscolaire | D127: Polyvalence entre les différentes activités | E127: Accident de la circulation : Traumatismes psychiques et/ou dommages corporels Froissement musculaire Stress Fatigue | F127: Charte qualité : 1 animateur pour 5 enfants au lieu de 1 pour 8 / Diminution des amplitudes d’ouverture | H127: =IF(A127='onglet de saisie'!$A$2,ROW(),"") | I127: =IF(H127="","",INDIRECT("B"&ROW())) | J127: =IF(I127='onglet de saisie'!$B$2,INDIRECT("C"&ROW()),"") -> Périscolaire | K127: =IF(J127='onglet de saisie'!$C$2,INDIRECT("d"&ROW()),"") | L127: =IF(K127='onglet de saisie'!$D$2,ROW(),"") -> 127
A128: ANIMATEUR ENFANCE | B128: Organisation du travail | C128: Périscolaire | D128: Baisse de motivation sur certains temps périscolaires : pas les mêmes conditions de travail que pour les vacances (thèmes projets…) | E128: Fatigue psychologique / lassitude face aux contraintes | H128: =IF(A128='onglet de saisie'!$A$2,ROW(),"") | I128: =IF(H128="","",INDIRECT("B"&ROW())) | J128: =IF(I128='onglet de saisie'!$B$2,INDIRECT("C"&ROW()),"") -> Périscolaire | K128: =IF(J128='onglet de saisie'!$C$2,INDIRECT("d"&ROW()),"") | L128: =IF(K128='onglet de saisie'!$D$2,ROW(),"") -> 128
A129: ANIMATEUR ENFANCE | B129: Organisation du travail | C129: Périscolaire | D129: Le nombre « important » d’animateurs (charte) dilue l’implication: Anticiper le rangement / proposer des organisations équilibrées | E129: Démotivation | F129: Organisation en réunion le matin pour le jour même / | H129: =IF(A129='onglet de saisie'!$A$2,ROW(),"") | I129: =IF(H129="","",INDIRECT("B"&ROW())) | J129: =IF(I129='onglet de saisie'!$B$2,INDIRECT("C"&ROW()),"") -> Périscolaire | K129: =IF(J129='onglet de saisie'!$C$2,INDIRECT("d"&ROW()),"") | L129: =IF(K129='onglet de saisie'!$D$2,ROW(),"") -> 129
A130: ANIMATEUR ENFANCE | B130: Organisation du travail | C130: Périscolaire | D130: Journées fractionnées : 11h30 -13h30 puis 15h45-17h45 | E130: Fatigue psychologique / lassitude face aux contraintes | F130: Prendre poste sans passer par le siège. / Trouver un moyen d’accompagner la mise en œuvre du projet | H130: =IF(A130='onglet de saisie'!$A$2,ROW(),"") | I130: =IF(H130="","",INDIRECT("B"&ROW())) | J130: =IF(I130='onglet de saisie'!$B$2,INDIRECT("C"&ROW()),"") -> Périscolaire | K130: =IF(J130='onglet de saisie'!$C$2,INDIRECT("d"&ROW()),"") | L130: =IF(K130='onglet de saisie'!$D$2,ROW(),"") -> 130
A131: ANIMATEUR ENFANCE | B131: Organisation du travail | C131: Périscolaire | D131: Ambiances différentes selon les écoles | E131: Fatigue psychologique / lassitude face aux contraintes | H131: =IF(A131='onglet de saisie'!$A$2,ROW(),"") | I131: =IF(H131="","",INDIRECT("B"&ROW())) | J131: =IF(I131='onglet de saisie'!$B$2,INDIRECT("C"&ROW()),"") -> Périscolaire | K131: =IF(J131='onglet de saisie'!$C$2,INDIRECT("d"&ROW()),"") | L131: =IF(K131='onglet de saisie'!$D$2,ROW(),"") -> 131
A132: ANIMATEUR ENFANCE | B132: Organisation du travail | C132: Périscolaire | D132: Mission en autonomie | E132: Sentiment d’isolement | F132: Au besoin, seront emmenés en voiture / | H132: =IF(A132='onglet de saisie'!$A$2,ROW(),"") | I132: =IF(H132="","",INDIRECT("B"&ROW())) | J132: =IF(I132='onglet de saisie'!$B$2,INDIRECT("C"&ROW()),"") -> Périscolaire | K132: =IF(J132='onglet de saisie'!$C$2,INDIRECT("d"&ROW()),"") | L132: =IF(K132='onglet de saisie'!$D$2,ROW(),"") -> 132
...

Sheet onglet de saisie
A1: UNITE DE TRAVAIL | B1: FAMILLE DE RISQUE | C1: Description des situations de travail | D1: Modalité d’exposition aux risques | E1: Description des risques identifiés | F1: Actuellement mis en œuvre | G1: Pistes d’action* | H1: Priorisation*
E2: =HYPERLINK("#a2:d2","RAZ") -> RAZ | I2: =IF(ISERROR(SMALL(bdd!$H$1:$H$600,ROW()-2)>bdd!$H$1),"",SMALL(bdd!$H$1:$H$600,ROW()-2))
A3: =IF(INDIRECT(CONCATENATE("bdd!A",$I3))="","",INDIRECT(CONCATENATE("bdd!A",$I3))) -> ACCUEIL | B3: =IF(INDIRECT(CONCATENATE("bdd!B",$I3))="","",INDIRECT(CONCATENATE("bdd!B",$I3))) -> Aménagement de l’espace | C3: =IF(INDIRECT(CONCATENATE("bdd!C",$I3))="","",INDIRECT(CONCATENATE("bdd!C",$I3))) -> Installation informatique | D3: =IF(INDIRECT(CONCATENATE("bdd!D",$I3))="","",INDIRECT(CONCATENATE("bdd!D",$I3))) -> Photocopieur dans la pièce : pollution passages nombreux (déconcentration) | E3: =IF(INDIRECT(CONCATENATE("bdd!E",$I3))="","",INDIRECT(CONCATENATE("bdd!E",$I3))) -> Problèmes respiratoires | F3: =IF(INDIRECT(CONCATENATE("bdd!F",$I3))="","",INDIRECT(CONCATENATE("bdd!F",$I3))) -> Nouveau local pour le photocopieur / espace RH / désengorger l’accueil | G3: =IF(INDIRECT(CONCATENATE("bdd!G",$I3))="","",INDIRECT(CONCATENATE("bdd!G",$I3))) | I3: =IF(ISERROR(SMALL(bdd!$L$1:$L$600,ROW()-2)>bdd!$H$1),"",SMALL(bdd!$L$1:$L$600,ROW()-2)) -> 2
D4: =HYPERLINK("#bdd!D"&$I3,"pour édition") -> pour édition | E4: =HYPERLINK("#bdd!E"&$I3,"pour édition") -> pour édition | F4: =HYPERLINK("#bdd!F"&$I3,"pour édition") -> pour édition | G4: =HYPERLINK("#bdd!G"&$I3,"pour édition") -> pour édition | I4: =IF(ISERROR(SMALL(bdd!$L$1:$L$600,ROW()-2)>bdd!$H$1),"",SMALL(bdd!$L$1:$L$600,ROW()-2)) -> 3
I5: =IF(ISERROR(SMALL(bdd!$L$1:$L$600,ROW()-2)>bdd!$H$1),"",SMALL(bdd!$L$1:$L$600,ROW()-2)) -> 4
I6: =IF(ISERROR(SMALL(bdd!$L$1:$L$600,ROW()-2)>bdd!$H$1),"",SMALL(bdd!$L$1:$L$600,ROW()-2)) -> 5
I7: =IF(ISERROR(SMALL(bdd!$L$1:$L$600,ROW()-2)>bdd!$H$1),"",SMALL(bdd!$L$1:$L$600,ROW()-2)) -> 6
I8: =IF(ISERROR(SMALL(bdd!$L$1:$L$600,ROW()-2)>bdd!$H$1),"",SMALL(bdd!$L$1:$L$600,ROW()-2)) -> 7
I9: =IF(ISERROR(SMALL(bdd!$L$1:$L$600,ROW()-2)>bdd!$H$1),"",SMALL(bdd!$L$1:$L$600,ROW()-2)) -> 8
I10: =IF(ISERROR(SMALL(bdd!$L$1:$L$600,ROW()-2)>bdd!$H$1),"",SMALL(bdd!$L$1:$L$600,ROW()-2)) -> 9
I11: =IF(ISERROR(SMALL(bdd!$L$1:$L$600,ROW()-2)>bdd!$H$1),"",SMALL(bdd!$L$1:$L$600,ROW()-2)) -> 10
I12: =IF(ISERROR(SMALL(bdd!$H$1:$H$600,ROW()-1)>bdd!$H$1),"",SMALL(bdd!$H$1:$H$600,ROW()-1)) -> 560
I13: =IF(ISERROR(SMALL(bdd!$H$1:$H$600,ROW()-1)>bdd!$H$1),"",SMALL(bdd!$H$1:$H$600,ROW()-1)) -> 561
I14: =IF(ISERROR(SMALL(bdd!$H$1:$H$600,ROW()-1)>bdd!$H$1),"",SMALL(bdd!$H$1:$H$600,ROW()-1)) -> 562
I15: =IF(ISERROR(SMALL(bdd!$H$1:$H$600,ROW()-1)>bdd!$H$1),"",SMALL(bdd!$H$1:$H$600,ROW()-1)) -> 563
I16: =IF(ISERROR(SMALL(bdd!$H$1:$H$600,ROW()-1)>bdd!$H$1),"",SMALL(bdd!$H$1:$H$600,ROW()-1)) -> 564
I17: =IF(ISERROR(SMALL(bdd!$H$1:$H$600,ROW()-1)>bdd!$H$1),"",SMALL(bdd!$H$1:$H$600,ROW()-1)) -> 565
I18: =IF(ISERROR(SMALL(bdd!$H$1:$H$600,ROW()-1)>bdd!$H$1),"",SMALL(bdd!$H$1:$H$600,ROW()-1)) -> 566
I19: =IF(ISERROR(SMALL(bdd!$H$1:$H$600,ROW()-1)>bdd!$H$1),"",SMALL(bdd!$H$1:$H$600,ROW()-1)) -> 567
I20: =IF(ISERROR(SMALL(bdd!$H$1:$H$600,ROW()-1)>bdd!$H$1),"",SMALL(bdd!$H$1:$H$600,ROW()-1)) -> 568
I21: =IF(ISERROR(SMALL(bdd!$H$1:$H$600,ROW()-1)>bdd!$H$1),"",SMALL(bdd!$H$1:$H$600,ROW()-1)) -> 569
I22: =IF(ISERROR(SMALL(bdd!$H$1:$H$600,ROW()-1)>bdd!$H$1),"",SMALL(bdd!$H$1:$H$600,ROW()-1)) -> 570
I23: =IF(ISERROR(SMALL(bdd!$H$1:$H$600,ROW()-1)>bdd!$H$1),"",SMALL(bdd!$H$1:$H$600,ROW()-1)) -> 571
